AoeStats
← opofis

Arena

508406137Analyzed
1v1 RM · 9d ago on Sep 22, 2026· 30m 33s· 2 players
Game mode
Random Map
Map size
Tiny (2 player)
Population
200
Speed
Normal
Resources
Standard
Victory
Conquest
Starting age
Dark Age
Ending age
Imperial Age
RankedLock teamsTeams togetherTeam positionsShared explorationLock speedFull tech treeHidden civsTurbo modeCheats
Victory
Defeat
🇸🇪 Slavs · Sweden
869
+35
🇧🇾 Turks · Belarus
845
-15
opofis
11:08 Feudal Age
11:41 Double-Bit Axe
16:29 Castle Age
17:31 Bow Saw
22:12 Horse Collar
26:01 Siphons
26:20 Ballistics
28:22 Padded Archer Armor
28:10 Treadmill Crane
30:33 Wheelbarrow
NORTHLANDER
8:19 Loom
11:42 Feudal Age
12:21 Double-Bit Axe
15:29 Wheelbarrow
14:53 Loom
18:24 Castle Age
19:57 Loom
21:42 Scale Barding Armor
25:22 Fletching
24:58 Elite Skirmisher
29:58 Imperial Age
28:09 Bodkin Arrow
Connection lost

Rejoining the realm…

Still unreachable

The connection could not be restored.

Session expired

The server has moved on; the page needs a fresh start.